 Dungeon Crawl Stone Soup version 0.31-a0-960-g0fca184906 (webtiles) character file.

Game seed: 3711380338580042838

21 lessens the Shield-Bearer (level 2, 0/29 HPs)
             Began as a Gnoll Fighter on Oct 23, 2023.
             Slain by Jessica
             ... wielding a +0 dagger
              (2 damage)
             ... on level 2 of the Dungeon.
             The game lasted 00:00:50 (985 turns).

lessens the Shield-Bearer (Gnoll Fighter)            Turns: 985, Time: 00:00:50

Health: 0/29       AC:  7    Str: 15    XL:     2   Next: 87%
Magic:  2/2        EV:  9    Int:  7    God:
Gold:   75         SH:  5    Dex: 11    Spells: 2/2 levels left

rFire   . . .        a - +0 war axe
rCold   . . .        c - +0 buckler
rNeg    . . .        b - +0 scale mail
rPois   .            (no helmet)
rElec   .            (no cloak)
rCorr   .            (no gloves)
SInv    .            (no boots)
Will    .....        (no amulet) Stlth
                     (no ring)
HPRegen 0.24/turn    (no ring)
MPRegen 0.08/turn

%: no passive effects
@: slowed, invisible, very slow
A: fangs 1, strong nose, distributed training
a: no special abilities


You were on level 2 of the Dungeon.
You visited 1 branch of the dungeon, and saw 2 of its levels.

You collected 75 gold pieces.

Inventory:

Hand Weapons
 a - a +0 war axe (weapon)
Missiles
 e - 13 stones
Armour
 b - a +0 scale mail (worn)
 c - a +0 buckler (worn)
 h - an orb of guile
 j - a +0 cloak
Scrolls
 f - a scroll of identify {unknown}
 i - a scroll of poison {unknown}
Potions
 d - a potion of might


   Skills:
 + Level 6.5 Fighting
 + Level 0.5 Short Blades
 + Level 0.5 Long Blades
 + Level 4.5 Axes
 + Level 0.5 Maces & Flails
 + Level 0.5 Polearms
 + Level 0.5 Staves
 + Level 0.5 Ranged Weapons
 + Level 0.5 Throwing
 + Level 6.5 Armour
 + Level 0.5 Dodging
 + Level 0.5 Stealth
 + Level 6.5 Shields
 + Level 0.5 Unarmed Combat
 + Level 0.5 Spellcasting
 + Level 0.4 Conjurations
 + Level 0.4 Hexes
 + Level 0.4 Summonings
 + Level 0.4 Necromancy
 + Level 0.4 Translocations
 + Level 0.4 Transmutations
 + Level 0.4 Fire Magic
 + Level 0.4 Ice Magic
 + Level 0.4 Air Magic
 + Level 0.4 Earth Magic
 + Level 0.4 Poison Magic
 + Level 0.7 Invocations
 + Level 0.5 Evocations
 + Level 0.5 Shapeshifting


You had 2 spell levels left.
You didn't know any spells.
Your spell library was empty.

Dungeon Overview and Level Annotations

Branches:
Dungeon (2/15) Zot: 10992

Altars:

Annotations:
D:2 Jessica


Innate Abilities, Weirdness & Mutations

You have very sharp teeth.
Your uncanny sense of smell can sniff out nearby items.
Your experience applies equally to all skills.


Message History

You block Jessica's attack.
Jessica gestures wildly while chanting.
Jessica blinks!
You hit Jessica but do no damage.
Jessica points at you and mumbles some strange words.
Pain shoots through your body! You block Jessica's attack.
Jessica points at you and mumbles some strange words.
You feel as though you will be slow longer.
You closely miss Jessica. You bite Jessica, but do no damage.
Jessica hits you with a +0 dagger. Jessica hits you but does no damage.
Jessica closely misses you.
You hit Jessica.
Jessica is lightly wounded.
Jessica hits you with a +0 dagger. Jessica gestures at you while chanting.
Pain shoots through your body!
* * * LOW HITPOINT WARNING * * *
Jessica points at you and mumbles some strange words.
You feel as though you will be slow longer.
You are too injured to fight recklessly!
It was a potion of invisibility.
You fade into invisibility!
You block Jessica's attack. Jessica closely misses you.
Jessica hits you with a +0 dagger.
* * * LOW HITPOINT WARNING * * *
You hit Jessica.
Jessica is lightly wounded.
Jessica hits you with a +0 dagger.
* * * LOW HITPOINT WARNING * * *
Jessica hits you but does no damage.
Jessica points at you and mumbles some strange words.
You barely resist. You slash Jessica!
Jessica is almost dead.
Jessica closely misses you. Jessica barely misses you.
You hit Jessica but do no damage.
Jessica is almost dead.
Jessica shouts, "You're disturbing me!
I'll have to kill you!" Jessica hits you with a +0 dagger.
You die...

#.......# ..# #.......#
..# .......##..#
#......... #.......#. #.
#.......#. ...#
#.$##.......#. ...#
##..........#. ...#
#....@@.....#. ...#
#..........##.## ...##
............##..###.....
............##....#...##
............##....'.....
########....##....#####.
####.###...'...#.
#..##.†)##..#.
######..###.##....


You could see Jessica (fast, unable to see you).

Vanquished Creatures
  A worm (D:2)
  A bat (D:1)
  4 endoplasms (D:1)
  3 quokkas (D:1)
  3 ball pythons (D:1)
  A frilled lizard (D:1)
  3 kobolds (D:1)
  2 rats
18 creatures vanquished.

Notes
Turn   | Place    | Note
-------+----------+-------------------------------------------
     0 | D:1      | lessens the Gnoll Fighter began the quest for the Orb.
     0 | D:1      | Reached XP level 1. HP: 23/23 MP: 1/1
   273 | D:1      | Reached XP level 2. HP: 28/29 MP: 2/2
   968 | D:2      | Noticed Jessica
   982 | D:2      | HP: 1/29 [Jessica/+0 dagger (4)]
   985 | D:2      | Slain by Jessica

Illustrated notes

Levels and vault maps discovered:
D:1:      sevenhm_arrival_forest_fort_large_4, layout_basic
D:2:      layout_basic, uniq_jessica

Action                     || total
---------------------------++-------
  Melee: War axe           ||    45
         Bite              ||     8
    Use: Potion            ||     1
 Armour: Scale mail        ||    26
  Dodge: Dodged            ||    19
  Block: Buckler           ||    10

Table legend: (Time is in decaauts)
 A = Elapsed time spent in this place.
 B = Non-inter-level travel time spent in this place.
 C = Inter-level travel time spent in this place.
 D = Time resting spent in this place.
 E = Time spent auto-exploring this place.
 F = Levels seen in this place.
 G = Mean time per level.
                   A        B        C        D        E       F      G
               +--------+--------+--------+--------+--------+-----+--------+
         Total |   1005 |    970 |     35 |      0 |    807 |   2 |  502.5 |
       Dungeon |   1005 |    970 |     35 |      0 |    807 |   2 |  502.5 |
               +--------+--------+--------+--------+--------+-----+--------+

Top non-repeatable levels by time:
     D:1: 809 daAuts
     D:2: 196 daAuts

Levels and vault maps discovered:
D:1:      sevenhm_arrival_forest_fort_large_4, layout_basic
D:2:      layout_basic, uniq_jessica
